 Dungeon Crawl Stone Soup version 0.23-a0-163-g800ba1ec23 (webtiles) character file.

578 Napalmbreeze the Conjurer (level 7, 0/36 HPs)
             Began as a Deep Elf Fire Elementalist on Sept 9, 2018.
             Killed from afar by a charred statue (9 damage)
             ... with a puff of flame
             ... on level 4 of the Dungeon.
             The game lasted 00:19:35 (5866 turns).

Napalmbreeze the Conjurer (DEFE)                    Turns: 5866, Time: 00:19:35

Health: 0/36       AC:  3    Str:  5    XL:     7   Next: 13%
Magic:  7/17       EV: 13    Int: 22    God:
Gold:   252        SH:  0    Dex: 15    Spells: 2/17 levels left

rFire    . . .     SeeInvis .   s - +0 blowgun
rCold    . . .     Gourm    .   (no shield)
rNeg     . . .     Faith    .   a - +0 robe
rPois    .         Spirit   .   (no helmet)
rElec    .         Reflect  .   l - +0 cloak
rCorr    .         Harm     .   (no gloves)
MR       .....                  (no boots)
Stlth    ++........             (no amulet)
HPRegen  0.12/turn              (no ring)
MPRegen  0.15/turn              (no ring)

@: very slightly contaminated
A: no striking features
a: no special abilities


You were on level 4 of the Dungeon.
You were hungry.

You visited 1 branch of the dungeon, and saw 5 of its levels.

You collected 252 gold pieces.

Inventory:

Hand Weapons
 s - a +0 blowgun (weapon)
Missiles
 r - 15 poisoned needles (quivered)
Armour
 a - a +0 robe (worn)
 l - a +0 cloak (worn)
Scrolls
 f - 2 scrolls of magic mapping {unknown}
 i - 6 scrolls of identify {unknown}
 j - 4 scrolls of remove curse {unknown}
 k - 2 scrolls of teleportation {unknown}
 m - a scroll of fog {unknown}
 n - 2 scrolls of blinking {unknown}
 o - a scroll of amnesia {unknown}
 q - a scroll of enchant armour {unknown}
Potions
 b - a potion of degeneration {unknown}
 d - 2 potions of curing {unknown}
 e - a potion of might {unknown}
 g - a potion of flight {unknown}
 h - 3 potions of cancellation {unknown}
 p - 3 potions of agility {unknown}
Comestibles
 c - 9 rations
 t - 2 chunks of flesh


   Skills:
 - Level 2.4 Dodging
 - Level 2.4 Stealth
 + Level 5.7 Spellcasting
 * Level 6.0 Conjurations
 + Level 5.3 Fire Magic


You had 2 spell levels left.
You knew the following spells:

 Your Spells              Type           Power        Failure   Level  Hunger
a - Flame Tongue          Conj/Fire      ####.        1%          1    None
d - Conjure Flame         Conj/Fire      ####....     2%          3    ##.....
e - Fireball              Conj/Fire      ####......   26%         5    #####..
f - Sticky Flame          Conj/Fire      ####....     9%          4    ####...
s - Throw Flame           Conj/Fire      ####..       1%          2    None

Your spell library contained the following spells:

 Spells                   Type           Power        Failure   Level  Hunger
 Inner Flame              Hex/Fire       ###.....     10%         3    ##.....


Dungeon Overview and Level Annotations

Branches:
Dungeon (5/15)
 Temple: D:4-7

Altars:
Elyvilon
Fedhas
Sif Muna
Vehumet
Xom
Beogh

Annotations:
D:4 exclusion: statue


Message History

You miscast Fireball.
You are very lightly contaminated with residual magic.
You are blasted with fire.
You are feeling hungry.
The charred statue gestures at you. The puff of flame hits you!
Casting: Fireball (quite dangerous; 26% risk of failure)
Confirm with . or Enter, or press ? or * to list all spells.
Aiming: Fireball (quite dangerous; 26% risk of failure)
Press: ? - help, Shift-Dir - straight line The fireball explodes!
The fireball engulfs the charred statue.
The charred statue resists.
The charred statue is lightly damaged.
The charred statue gestures at you. The puff of flame hits you!
* * * LOW HITPOINT WARNING * * *
The charred statue gestures at you. The puff of flame hits you!
You die...

#.............[........
#.#....................
##.#####.#..............
###..........#............
#######....#....####............
#............##.# #............
#...............# ##...........
#.....#########.######.....#....
#.....#.......#@...........#....
#.....#.8._.....########[#......
#.....#/......#.# #........
#.....#########.# ###.......
#...............# ##.........
####......####### #...##.....
######## #..###....# #### ###...
####


You could see a charred statue.

Vanquished Creatures
  2 phantoms (D:4)
  The ghost of P0WERM0DE the Skirmisher, an amateur VSFi (D:1)
  A howler monkey (D:4)
  A hound (D:5)
  2 orc priests (D:3)
  An orc wizard (D:4)
  A worker ant (D:4)
  A hound skeleton (D:4)
  3 adders
  An ooze (D:4)
  A worm (D:3)
  4 dart slugs
  3 leopard geckos
  19 orcs
  6 bats
  3 giant cockroaches
  6 hobgoblins
  7 jackals
  8 kobolds
  3 quokkas (D:3)
  3 ball pythons
  2 frilled lizards (D:1)
  8 rats
87 creatures vanquished.

Notes
Turn   | Place    | Note
-------+----------+-------------------------------------------
     0 | D:1      | Napalmbreeze the Deep Elf Fire Elementalist began the quest
                  | for the Orb.
     0 | D:1      | Reached XP level 1. HP: 10/10 MP: 6/6
   468 | D:1      | Reached XP level 2. HP: 13/15 MP: 5/8
   545 | D:1      | Reached skill level 2 in Conjurations
  1309 | D:1      | Reached XP level 3. HP: 14/19 MP: 0/10
  1903 | D:2      | Learned a level 3 spell: Conjure Flame
  1906 | D:2      | Learned a level 2 spell: Throw Flame
  2013 | D:2      | Found a deep blue altar of Sif Muna.
  2144 | D:2      | Found a blossoming altar of Fedhas.
  2465 | D:3      | Reached skill level 3 in Conjurations
  2620 | D:3      | Reached XP level 4. HP: 21/24 MP: 8/11
  2626 | D:3      | Learned a level 4 spell: Sticky Flame
  3246 | D:3      | Found a runed gate.
  3250 | D:3      | Noticed P0WERM0DE's ghost (amateur VSFi)
  3252 | D:3      | Found a runed gate.
  3252 | D:3      | Found a runed gate.
  3253 | D:3      | Found a roughly hewn altar of Beogh.
  3712 | D:1      | Killed P0WERM0DE's ghost
  3712 | D:1      | Reached skill level 4 in Conjurations
  3712 | D:1      | Reached XP level 5. HP: 28/28 MP: 6/13
  4546 | D:4      | Noticed a phantom
  4633 | D:4      | Found a shimmering altar of Xom.
  4640 | D:4      | Found a white marble altar of Elyvilon.
  4651 | D:4      | Noticed a phantom
  4674 | D:4      | Killed a phantom
  4674 | D:4      | Reached skill level 5 in Spellcasting
  4674 | D:4      | Reached XP level 6. HP: 32/32 MP: 8/15
  4817 | D:4      | Reached skill level 5 in Conjurations
  5153 | D:4      | Reached skill level 5 in Fire Magic
  5307 | D:4      | Reached XP level 7. HP: 36/36 MP: 7/17
  5666 | D:4      | Found a radiant altar of Vehumet.
  5787 | D:5      | Entered Level 5 of the Dungeon
  5790 | D:5      | Reached skill level 6 in Conjurations
  5832 | D:4      | Learned a level 5 spell: Fireball
  5866 | D:4      | Killed from afar by a charred statue

Vault maps used:
D:1:      minmay_arrival_arboretum_small
D:2:      fedhas_altar_3, lemuel_blue_sif_altar, first_ration
D:3:      biasface_ghost_orc_armoury
D:4:      elyvilon_altar_4, nicolae_overflow_crystal_walls, vehumet_statue,
          lemuel_another_geyser
D:5:      lemuel_doored_altar, nicolae_overflow_hidden_temple,
          minmay_temple_entry_poolview, uniq_ijyb

Skill      XL: |  1  2  3  4  5  6  7 |
---------------+----------------------+-----
Conjurations   | 2 3 4 5 6 |  6.0
Fire Magic     | 4 5 |  5.3
Spellcasting   | 4 5 |  5.7
Dodging        | |  2.4
Stealth        | |  2.4

Action                   |  1- 3 |  4- 6 |  7- 9 || total
-------------------------+-------+-------+-------++-------
Melee: Unarmed           |     4 |     2 |       ||     6
 Cast: Flame Tongue      |    58 |    88 |     2 ||   148
       Throw Flame       |     5 |    29 |     5 ||    39
       Sticky Flame      |       |     8 |       ||     8
       Conjure Flame     |       |     3 |       ||     3
       Fireball          |       |       |     1 ||     1
  Eat: Chunk             |     5 |     7 |     1 ||    13
       Ration            |       |     1 |       ||     1
Armor: Robe              |     7 |    17 |       ||    24
Dodge: Dodged            |    23 |    51 |       ||    74

Table legend:
 A = Non-vault XP
 B = Vault XP
 C = Vault XP percentage of total XP
 D = Non-vault monster count
 E = Vault monster count
 F = Vault count percentage of total count
                 A         B        C        D         E       F
            +---------+---------+-------+---------+---------+-------
      Total |     672 |     155 |  18.7 |      79 |       8 |   9.2
            +---------+---------+-------+---------+---------+-------
        D:1 |      35 |      96 |  73.3 |      19 |       1 |   5.0
        D:2 |      44 |       3 |   6.4 |      14 |       1 |   6.7
        D:3 |     141 |      56 |  28.4 |      35 |       6 |  14.6
        D:4 |     410 |       0 |   0.0 |      10 |       0 |   0.0
        D:5 |      42 |       0 |   0.0 |       1 |       0 |   0.0
            +---------+---------+-------+---------+---------+-------
